 Dungeon Crawl Stone Soup version 0.29.1-14-g9c671dbff4 (webtiles) character file.

Game seed: 11534752392822308540

23 Ast3rio the Firebug (level 3, 0/26 HPs)
             Began as a Hill Orc Fire Elementalist on Feb 16, 2023.
             Slain by a rat (2 damage)
             ... on level 1 of the Dungeon.
             The game lasted 00:01:58 (1392 turns).

Ast3rio the Firebug (Hill Orc Fire Elementalist)    Turns: 1392, Time: 00:01:59

Health: 0/26       AC:  2    Str: 10    XL:     3   Next: 0%
Magic:  3/5        EV: 12    Int: 17    God:
Gold:   29         SH:  0    Dex: 11    Spells: 4/5 levels left

rFire   . . .      SeeInvis .   f - +0 dagger
rCold   . . .      Faith    .   (no shield)
rNeg    . . .      Spirit   .   a - +0 robe
rPois   .          Reflect  .   (no helmet)
rElec   .          Harm     .   (no cloak)
rCorr   .          Rampage  .   (no gloves)
Will    .....                   (no boots)
Stlth   ++........              (no amulet)
HPRegen 0.08/turn               (no ring)
MPRegen 0.09/turn               (no ring)

@: no status effects
A: no striking features
a: no special abilities


You were on level 1 of the Dungeon.
You visited 1 branch of the dungeon, and saw 1 of its levels.

You collected 29 gold pieces.

Inventory:

Hand Weapons
 f - a +0 dagger (weapon)
Armour
 a - a +0 robe (worn)
Scrolls
 d - a scroll of identify {unknown}
 e - a scroll of amnesia {unknown}
Potions
 b - a potion of magic
 c - a potion of heal wounds {unknown}
 g - a potion of lignification {unknown}


   Skills:
 + Level 2.1 Dodging
 + Level 1.7 Stealth
 + Level 1.0 Unarmed Combat
 + Level 1.5 Spellcasting
 + Level 1.1 Conjurations
 + Level 3.6 Fire Magic


You had 4 spell levels left.
You knew the following spells:

 Your Spells              Type           Power      Damage    Failure   Level
a - Foxfire               Conj/Fire      36%        2x1d5     8%          1

Your spell library contained the following spells:

 Spells                   Type           Power      Damage    Failure   Level
 Scorch                   Fire           26%        2d6       7%          2
 Conjure Flame            Conj/Fire      9%         6-21      22%         3
 Inner Flame              Hex/Fire       7%         N/A       28%         3
 Flame Wave               Conj/Fire      9%         2d6       58%         4


Dungeon Overview and Level Annotations

Branches:
Dungeon (1/15)

Altars:


Message History

A giant cockroach comes into view.
The giant cockroach closely misses you.
You barely miss the giant cockroach. The giant cockroach bites you.
The giant cockroach barely misses you.
You closely miss the giant cockroach. You punch the giant cockroach.
The giant cockroach is almost dead.
A rat comes into view.
The kobold barely misses you. The giant cockroach closely misses you.
You hit the giant cockroach.
You kill the giant cockroach!
The kobold hits you with a +0 dagger.
* * * LOW HITPOINT WARNING * * *
Casting: Foxfire (safe; 9% risk of failure)
Confirm with . or Enter, or press ? or * to list all spells.
You conjure some foxfire!
The kobold hits you with a +0 dagger.
* * * LOW HITPOINT WARNING * * *
You hit the kobold.
The kobold is severely wounded.
The foxfire hits the giant cockroach.
The giant cockroach is heavily wounded.
The foxfire hits the kobold.
You kill the kobold!
You barely miss the giant cockroach.
The giant cockroach is heavily wounded.
The giant cockroach bites you.
* * * LOW HITPOINT WARNING * * *
The giant cockroach bites you.
* * * LOW HITPOINT WARNING * * *
You hit the giant cockroach.
You kill the giant cockroach!
Your Unarmed Combat skill increases to level 1!
You have reached level 3!
Your experience leads to an increase in your attributes!
Increase (S)trength, (I)ntelligence, or (D)exterity?
You feel clever. x2
The rat bites you.
* * * LOW HITPOINT WARNING * * *
You closely miss the rat. The rat barely misses you.
You hit the rat but do no damage. The rat bites you.
You die...

######.
..... #.
#... #.
#... #. #..
## #..
###.###
#####..r..#
#.....)@# #
#########
#.###...#.#
#.......#
###.#.#
#.#####.##
#.....# #.#
#...
#.#.### #.#
#### #.#.#
#.# # #.#
#.# #.# #.#
#.#######.#


You could see a rat.

Vanquished Creatures
  A dart slug (D:1)
  3 endoplasms (D:1)
  4 giant cockroaches (D:1)
  4 goblins (D:1)
  A hobgoblin (D:1)
  2 jackals (D:1)
  A frilled lizard (D:1)
  2 kobolds (D:1)
18 creatures vanquished.

Vanquished Creatures (others)
  7 foxfires (D:1)
7 creatures vanquished.

Grand Total: 25 creatures vanquished

Notes
Turn   | Place    | Note
-------+----------+-------------------------------------------
     0 | D:1      | Ast3rio the Hill Orc Fire Elementalist began the quest for
                  | the Orb.
     0 | D:1      | Reached XP level 1. HP: 14/14 MP: 3/3
   441 | D:1      | Reached XP level 2. HP: 13/20 MP: 4/4
  1390 | D:1      | Reached skill level 1 in Unarmed Combat
  1390 | D:1      | Reached XP level 3. HP: 3/26 MP: 3/5
  1392 | D:1      | Slain by a rat

Illustrated notes

Levels and vault maps discovered:
D:1:      dpeg_arrival_orchard, layout_basic, minmay_cupped

Skill      XL: |  1  2 |
---------------+-------+-----
Dodging        | 2 |  2.1
Unarmed Combat | 1 |  1.0
Stealth        | |  1.7
Spellcasting   | |  1.5
Conjurations   | |  1.1
Fire Magic     | |  3.6

Action                   || total
-------------------------++-------
Melee: Unarmed           ||    41
       Dagger            ||    78
       Punch             ||     2
 Cast: Foxfire           ||     4
 Stab: Sleeping          ||     3
Armor: Robe              ||    18
Dodge: Dodged            ||    74
